 Dungeon Crawl Stone Soup version 0.32-a0-799-g95e1662365 (console) character file.

Game seed: 4067333676198725954

4404 jejorda2 the Spear-Bearer (level 10, -1/82 HPs)
             Began as a Gnoll Berserker on Mar 22, 2024.
             Was a Priest of Trog.
             Slain by an unseen horror (2 damage)
             ... on level 8 of the Dungeon.
             The game lasted 00:13:20 (6786 turns).

jejorda2 the Spear-Bearer (Gnoll Berserker)         Turns: 6786, Time: 00:13:21

Health: -1/82      AC: 18    Str: 21    XL:     10   Next: 35%
Magic:  18/18      EV:  7    Int:  6    God:    Trog [***...]
Gold:   396        SH:  0    Dex: 12    Spells: 19/19 levels left

rFire   . . .        b - +1 glaive (protect)
rCold   + . .        (shield currently unavailable)
rNeg    . . .        C - +0 plate armour
rPois   .            n - +0 helmet
rElec   .            (no cloak)
rCorr   .            (no gloves)
SInv    .            (no boots)
Will    .....        (no amulet) Stlth
                     s - ring of protection from cold
HPRegen 0.33/turn    x - +4 ring of protection
MPRegen 0.16/turn

%: no passive effects
@: lethally poisoned (-1 -> -5), on berserk cooldown, slowed, very slow
A: fangs 1, strong nose, distributed training
a: Renounce Religion, Berserk, Trog's Hand


You were on level 8 of the Dungeon.
You worshipped Trog.
Trog was most pleased with you.
You visited 1 branch of the dungeon, and saw 8 of its levels.

You collected 396 gold pieces.

Inventory:

Hand Weapons
 a - a +0 trident
 b - a +1 glaive of protection (weapon)
Missiles
 e - 6 poisoned darts (quivered)
 l - 4 javelins
 y - 3 throwing nets
 z - 5 curare-tipped darts
 D - 6 boomerangs
Armour
 n - a +0 helmet (worn)
 C - a +0 plate armour (worn)
Jewellery
 p - a ring of flight
 s - a ring of protection from cold (left hand)
 t - the ring of Podyco {Ice *Slow Will+ rCorr Slay+3}
   (You found it on level 6 of the Dungeon)

   [ring of ice]

   Ice:       It enhances your ice magic.
   Slay+3:    It affects your accuracy & damage with ranged weapons and melee
   (+3).
   rF-:       It makes you vulnerable to fire.
   rC+:       It protects you from cold.
   Will+:     It increases your willpower.
   rCorr:     It protects you from acid and corrosion.
   *Slow:     It may slow you when you take damage.
 x - a +4 ring of protection (right hand)
Wands
 h - a wand of flame (10)
 j - a wand of roots (6)
Scrolls
 c - 5 scrolls of identify
 g - a scroll of noise
 B - 4 scrolls of teleportation
Potions
 d - a potion of enlightenment
 f - a potion of attraction
 i - a potion of mutation
 k - a potion of resistance
 q - 2 potions of curing
 r - a potion of invisibility
 u - a potion of lignification
 v - 2 potions of heal wounds


   Skills:
 + Level 8.6 Fighting
 + Level 5.4 Short Blades
 + Level 5.4 Long Blades
 + Level 5.4 Axes
 + Level 5.4 Maces & Flails
 + Level 8.6 Polearms
 + Level 5.4 Staves
 + Level 5.4 Ranged Weapons
 + Level 5.4 Throwing
 + Level 7.1 Armour
 + Level 7.1 Dodging
 + Level 5.4 Stealth
 + Level 5.4 Shields
 + Level 5.4 Unarmed Combat
 + Level 5.4 Spellcasting
 + Level 4.4 Conjurations
 + Level 4.4 Hexes
 + Level 4.4 Summonings
 + Level 4.4 Necromancy
 + Level 4.4 Translocations
 + Level 4.4 Fire Magic
 + Level 4.4 Ice Magic
 + Level 4.4 Air Magic
 + Level 4.4 Earth Magic
 + Level 4.4 Alchemy
 + Level 5.9 Invocations
 + Level 5.4 Evocations
 + Level 4.9 Shapeshifting


You had 19 spell levels left.
You didn't know any spells.
Your spell library was empty.

Dungeon Overview and Level Annotations

Branches:
Dungeon (8/15)             Temple (0/1) D:6
   Lair: D:8-11

Altars:
Dithmenos
Fedhas
Kikubaaqudgha
Okawaru
Uskayaw
Vehumet
Xom

Shops:
D:4 (   D:6 *


Innate Abilities, Weirdness & Mutations

You have very sharp teeth.
Your uncanny sense of smell can sniff out nearby items.
Your experience applies equally to all skills.


Message History

The quasit barely misses you. The quasit closely misses you.
The orange demon stings you from afar!
* * * LOW HITPOINT WARNING * * *
You are poisoned.
The orange demon poisons you!
The quasit bites you but does no damage.
The quasit claws you but does no damage. x2
The quasit bites you but does no damage.
The quasit claws you but does no damage. x2
You slash the kobold demonologist!
You kill the kobold demonologist!
Trog accepts your kill.
Trog appreciates your killing of a magic user.
The sixfirhy disappears in a puff of smoke!
The quasit disappears in a puff of smoke! x2
The ufetubus disappears in a puff of smoke!
The orange demon disappears in a puff of smoke!
You feel very sick.
Unknown command.
Unknown command.
You feel very sick.
You feel a strong urge to attack something.
You feel the effects of Trog's Hand fading.
You feel very sick.
You feel very sick.
You feel your anger nearly subside.
You are no longer berserk.
You are exhausted.
You feel yourself slow down.
You feel sick.
D - 6 boomerangs (gained 2);
j - a wand of roots (6)
Items here: )))) [[[ ÷÷.
You feel very sick. Something hits you but does no damage.
Deactivating autopickup; reactivate with Ctrl-A.
You feel very sick.
Something hits you but does no damage. x2
Your skin stops crawling.
You feel less strong-willed.
You feel sick. Something hits you!
* * * LOW HITPOINT WARNING * * *
Something hits you.
You die...

######[###.....
#..............
#.####.###.....
. #. ##...##
...
....##.##§....#
#
......§)†#...##
..######|.#.##
##.#.# #@#.# ∆
#)#'# #)...#
#..(..# ∆
#......#
........#
........+ ∆ ∆
#.....(.#
#......##


There were no monsters in sight!

Vanquished Creatures
  A boulder beetle (D:8)
  Pikel (D:5)
  A gargoyle (D:6)
  A kobold demonologist (D:8)
  A yak (D:6)
  A vampire mosquito (D:6)
  A water moccasin (D:8)
  An ice beast (D:6)
  3 orc warriors
  A sky beast (D:6)
  2 black bears
  3 centaurs
  A phantom (D:7)
  4 lemures (D:5)
  3 bullfrogs
  3 scorpions
  2 wights
  A howler monkey (D:8)
  6 hounds
  A bombardier beetle (D:4)
  4 jellies
  3 orc priests
  A sleepcap (D:6)
  A gnoll bouda (D:6)
  5 iguanas
  6 orc wizards
  7 adders
  6 gnolls (D:6)
  A ribbon worm (D:2)
  28 orcs
  4 ball pythons
  12 endoplasms
  A giant cockroach (D:3)
  3 hobgoblins
  A quokka (D:5)
  7 bats
  11 goblins
  13 kobolds
  3 rats
155 creatures vanquished.

Notes
Turn   | Place    | Note
-------+----------+-------------------------------------------
     0 | D:1      | jejorda2 the Gnoll Berserker began the quest for the Orb.
     0 | D:1      | Reached XP level 1. HP: 23/23 MP: 1/1
   142 | D:1      | Reached XP level 2. HP: 29/29 MP: 2/2
   388 | D:1      | Found a faded altar of an unknown god.
   793 | D:2      | Reached ** piety under Trog
   794 | D:2      | Reached XP level 3. HP: 33/35 MP: 3/3
   962 | D:2      | Reached skill level 1 in Invocations
  1311 | D:3      | Reached skill level 1 in Short Blades
  1311 | D:3      | Reached skill level 1 in Long Blades
  1311 | D:3      | Reached skill level 1 in Axes
  1311 | D:3      | Reached skill level 1 in Maces & Flails
  1311 | D:3      | Reached skill level 1 in Staves
  1311 | D:3      | Reached skill level 1 in Ranged Weapons
  1311 | D:3      | Reached skill level 1 in Throwing
  1311 | D:3      | Reached skill level 1 in Stealth
  1311 | D:3      | Reached skill level 1 in Shields
  1311 | D:3      | Reached skill level 1 in Unarmed Combat
  1311 | D:3      | Reached skill level 1 in Spellcasting
  1311 | D:3      | Reached skill level 1 in Evocations
  1458 | D:3      | Reached skill level 1 in Shapeshifting
  1458 | D:3      | Reached XP level 4. HP: 19/41 MP: 5/5
  1459 | D:3      | Reached skill level 1 in Conjurations
  1459 | D:3      | Reached skill level 1 in Hexes
  1459 | D:3      | Reached skill level 1 in Summonings
  1459 | D:3      | Reached skill level 1 in Necromancy
  1459 | D:3      | Reached skill level 1 in Translocations
  1459 | D:3      | Reached skill level 1 in Fire Magic
  1459 | D:3      | Reached skill level 1 in Ice Magic
  1459 | D:3      | Reached skill level 1 in Air Magic
  1459 | D:3      | Reached skill level 1 in Earth Magic
  1459 | D:3      | Reached skill level 1 in Alchemy
  2006 | D:3      | Found a shimmering altar of Xom.
  2112 | D:4      | Found Vasate's Weapon Emporium.
  2151 | D:4      | Reached XP level 5. HP: 35/47 MP: 7/7
  2194 | D:4      | Noticed a black bear
  2202 | D:4      | Killed a black bear
  2203 | D:4      | Reached skill level 5 in Armour
  2203 | D:4      | Reached skill level 5 in Dodging
  2203 | D:4      | Reached XP level 6. HP: 53/53 MP: 7/9
  2446 | D:4      | Found an ancient bone altar of Kikubaaqudgha.
  2604 | D:4      | Found an iron altar of Okawaru.
  2785 | D:4      | Found a radiant altar of Vehumet.
  2813 | D:4      | Found a hide-covered altar of Uskayaw.
  2953 | D:5      | Entered Level 5 of the Dungeon
  2976 | D:5      | Reached XP level 7. HP: 28/60 MP: 10/10
  3193 | D:5      | Noticed Pikel
  3473 | D:5      | Killed Pikel
  3474 | D:5      | Reached XP level 8. HP: 43/67 MP: 10/12
  3689 | D:5      | Reached *** piety under Trog
  3885 | D:6      | Found Fietwuapt's Fire Supplies.
  3925 | D:6      | Identified the ring of Podyco {Ice *Slow Will+ rCorr
                  | Slay+3}
  4234 | D:6      | Noticed a gargoyle
  4245 | D:6      | Killed a gargoyle
  4246 | D:6      | Reached XP level 9. HP: 60/73 MP: 14/14
  4758 | D:6      | Found a staircase to the Ecumenical Temple.
  4984 | D:6      | Found a blossoming altar of Fedhas.
  4984 | D:6      | Found a shadowy altar of Dithmenos.
  5039 | D:6      | Reached skill level 5 in Invocations
  6042 | D:7      | Reached **** piety under Trog
  6511 | D:8      | Reached skill level 5 in Short Blades
  6511 | D:8      | Reached skill level 5 in Long Blades
  6511 | D:8      | Reached skill level 5 in Axes
  6511 | D:8      | Reached skill level 5 in Maces & Flails
  6511 | D:8      | Reached skill level 5 in Staves
  6511 | D:8      | Reached skill level 5 in Ranged Weapons
  6511 | D:8      | Reached skill level 5 in Throwing
  6511 | D:8      | Reached skill level 5 in Stealth
  6511 | D:8      | Reached skill level 5 in Shields
  6511 | D:8      | Reached skill level 5 in Unarmed Combat
  6511 | D:8      | Reached skill level 5 in Spellcasting
  6511 | D:8      | Reached skill level 5 in Evocations
  6511 | D:8      | Reached XP level 10. HP: 47/81 MP: 17/17
  6605 | D:8      | Noticed a boulder beetle
  6617 | D:8      | HP: 1/123 [boulder beetle (8)]
  6619 | D:8      | Killed a boulder beetle
  6771 | D:8      | Noticed a kobold demonologist
  6773 | D:8      | Noticed a sixfirhy
  6777 | D:8      | Noticed an orange demon
  6779 | D:8      | Killed a kobold demonologist
  6786 | D:8      | HP: 1/82 [something (7)]
  6786 | D:8      | Slain by an unseen horror

Illustrated notes

Levels and vault maps discovered:
D:1:      minmay_arrival_four_circles, layout_basic,
          chequers_ecumenical_altar_simple_redux
D:2:      layout_loops_ring
D:3:      layout_loops_ring, mainiacjoe_overflow_surrounded_room, serial_glass,
          glass_columns_a, glass_columns_c, glass_columns_a, glass_columns_c,
          glass_columns_b, glass_columns_a, grunt_decor_junction,
          minmay_misc_feat_roman
D:4:      layout_rooms, mainiacjoe_overflow_alcove_4, mainiacjoe_overflow_swirl,
          okawaru_metal_pillars_1_2, serial_shops, shop,
          chequers_serial_rivers_micro_e
D:5:      cheibrodos_fertilizer, layout_rooms, uniq_pikel
D:6:      minmay_opposing_rooms, layout_basic, gammafunk_temple_overflow_statue,
          minmay_temple_entry_trees, nicolae_shop_fire_sale
          [nicolae_sub_dead_trees]
D:7:      layout_layer_cave, st_stairs_9
D:8:      layout_loops_corners, lemuel_coloured_pillars_altar,
          hellmonk_lair_entry_icy, grunt_decor_one_mirror,
          corexii_leaking_fountain, minmay_hollow_rounded_squares

Skill      XL: |  1  2  3  4  5  6  7  8  9 10 |
---------------+-------------------------------+-----
Invocations    | 1 2 3 4 5 |  5.9
Short Blades   | 1 2 3 5 |  5.4
Long Blades    | 1 2 3 5 |  5.4
Axes           | 1 2 3 5 |  5.4
Maces & Flails | 1 2 3 5 |  5.4
Staves         | 1 2 3 5 |  5.4
Ranged Weapons | 1 2 3 5 |  5.4
Throwing       | 1 2 3 5 |  5.4
Stealth        | 1 2 3 5 |  5.4
Shields        | 1 2 3 5 |  5.4
Unarmed Combat | 1 2 3 5 |  5.4
Spellcasting   | 1 2 3 5 |  5.4
Evocations     | 1 2 3 5 |  5.4
Shapeshifting  | 1 2 3 4 |  4.9
Conjurations   | 1 2 3 4 |  4.4
Hexes          | 1 2 3 4 |  4.4
Summonings     | 1 2 3 4 |  4.4
Necromancy     | 1 2 3 4 |  4.4
Translocations | 1 2 3 4 |  4.4
Fire Magic     | 1 2 3 4 |  4.4
Ice Magic      | 1 2 3 4 |  4.4
Air Magic      | 1 2 3 4 |  4.4
Earth Magic    | 1 2 3 4 |  4.4
Alchemy        | 1 2 3 4 |  4.4
Armour         | 5 6 7 |  7.1
Dodging        | 5 6 7 |  7.1
Fighting       | 7 8 |  8.6
Polearms       | 7 8 |  8.6

Action                     |  1- 3 |  4- 6 |  7- 9 | 10-12 || total
---------------------------+-------+-------+-------+-------++-------
  Melee: Spear             |   119 |    10 |       |       ||   129
         Bite              |     6 |     6 |    37 |     8 ||    57
         Trident           |       |    74 |   351 |       ||   425
         Glaive            |       |       |    68 |    42 ||   110
  Throw: Dart              |       |     7 |     5 |     3 ||    15
 Invoke: Berserk           |     1 |     3 |     3 |     2 ||     9
         Trog's Hand       |       |       |     2 |     2 ||     4
    Use: Potion            |     3 |       |       |       ||     3
         Scroll            |       |       |    12 |       ||    12
   Stab: Distracted        |     1 |       |       |       ||     1
 Armour: Animal skin       |     3 |       |       |       ||     3
         Leather armour    |    12 |       |       |       ||    12
         Ring mail         |    39 |    25 |       |       ||    64
         Chain mail        |       |    15 |   239 |       ||   254
         Plate armour      |       |       |    80 |    71 ||   151
  Dodge: Dodged            |    24 |    34 |   158 |    32 ||   248

Table legend: (Time is in decaauts)
 A = Elapsed time spent in this place.
 B = Non-inter-level travel time spent in this place.
 C = Inter-level travel time spent in this place.
 D = Time resting spent in this place.
 E = Time spent auto-exploring this place.
 F = Levels seen in this place.
 G = Mean time per level.
                   A        B        C        D        E       F      G
               +--------+--------+--------+--------+--------+-----+--------+
         Total |   6825 |   6649 |    176 |    301 |   5112 |   8 |  853.1 |
       Dungeon |   6825 |   6649 |    176 |    301 |   5112 |   8 |  853.1 |
               +--------+--------+--------+--------+--------+-----+--------+

Top non-repeatable levels by time:
     D:6: 1378 daAuts
     D:7: 1234 daAuts
     D:5: 907 daAuts
     D:4: 862 daAuts
     D:3: 820 daAuts
     D:2: 714 daAuts
     D:1: 566 daAuts
     D:8: 341 daAuts
